 Dungeon Crawl Stone Soup version 0.31-a0-986-g5e6e4ef867 (webtiles) character file.

Game seed: 9276830983441497425

932 DocEon the Cleaver (level 7, -8/57 HPs)
             Began as a Minotaur Berserker on Nov 14, 2023.
             Was a Believer of Trog.
             Mangled by Pikel
             ... wielding a +2 whip of electrocution
              (14 damage)
             ... on level 5 of the Dungeon.
             The game lasted 00:03:13 (3312 turns).

DocEon the Cleaver (Minotaur Berserker)             Turns: 3312, Time: 00:03:13

Health: -8/57      AC: 10    Str: 23    XL:     7   Next: 86%
Magic:  6/6        EV:  9    Int:  4    God:    Trog [**....]
Gold:   175        SH:  0    Dex: 10    Spells: 6/6 levels left

rFire   . . .        a - +0 hand axe
rCold   . . .        (no shield)
rNeg    . . .        c - +1 chain mail
rPois   .            (helmet restricted)
rElec   .            o - +0 cloak
rCorr   .            (no gloves)
SInv    .            (no boots)
Will    .....        (no amulet) Stlth
                     e - ring of flight
HPRegen 0.29/turn    (no ring)
MPRegen 0.10/turn

%: no passive effects
@: on berserk cooldown, flying, slowed, very slow
A: horns 2, retaliatory headbutt
a: Renounce Religion, Berserk, Trog's Hand


You were on level 5 of the Dungeon.
You worshipped Trog.
Trog was pleased with you.
You visited 1 branch of the dungeon, and saw 5 of its levels.

You collected 175 gold pieces.

Inventory:

Hand Weapons
 a - a +0 hand axe (weapon)
Armour
 c - a +1 chain mail (worn)
 o - a +0 cloak (worn)
Jewellery
 e - a ring of flight (left hand)
Wands
 b - a wand of flame (24)
 k - a wand of quicksilver (6)
Scrolls
 d - a scroll of identify
 f - a scroll of teleportation
 l - 2 scrolls of fog
Potions
 g - 4 potions of curing
 i - a potion of heal wounds
 j - a potion of might
 m - a potion of attraction
 n - a potion of resistance


   Skills:
 - Level 3.6 Fighting
 * Level 11.3 Axes
 - Level 2.4 Armour
 - Level 2.1 Dodging


You had 6 spell levels left.
You didn't know any spells.
Your spell library was empty.

Dungeon Overview and Level Annotations

Branches:
Dungeon (5/15)
 Temple: D:4-7

Altars:

Annotations:
D:5 Pikel


Innate Abilities, Weirdness & Mutations

You have a pair of horns on your head.
You reflexively headbutt those who attack you in melee.


Message History

The lemure shouts!
You hit the orc priest. Your headbutt misses the orc priest.
The orc priest is moderately wounded.
You miss the orc wizard. You hit Pikel but do no damage.
Pikel says, "You'll feel the lick of my whip!"
Pikel barely misses you.
The orc wizard hits you but does no damage.
The orc priest hits you but does no damage.
You hit the orc priest.
The orc priest is heavily wounded.
You barely miss Pikel. You closely miss the orc wizard.
Pikel completely misses you. The orc wizard misses you.
The orc priest hits you but does no damage.
You bump into the rock wall.
Pikel barely misses you.
The orc wizard hits you but does no damage.
The orc priest closely misses you. Pikel completely misses you.
The orc wizard barely misses you.
You hit the orc wizard. You headbutt the orc wizard.
You kill the orc wizard!
Trog accepts your kill.
Trog appreciates your killing of a magic user.
You hit the orc priest. You closely miss Pikel.
The orc priest closely misses you.
Pikel hits you with a +2 whip of electrocution.
You are electrocuted!
An iguana comes into view.
You feel less confused. Pikel hits you but does no damage.
The orc priest barely misses you.
Things that are here:
a +0 dagger; a +0 robe You slash the orc priest!
You kill the orc priest!
Trog accepts your kill.
You hit Pikel.
Pikel hits you with a +2 whip of electrocution.
You are electrocuted!
* * * LOW HITPOINT WARNING * * *
Pikel hits you but does no damage.
You are electrocuted!
You die...
Pikel says, "See you in Hell!"

####### #...... ########
###.##### *********#......#
#........ *,,,,,,,,#......#
#........ *,,,,,,,,#.....=*
#........ *,,,,..,,*,.....*###
#........
*,,,,...,***#.##...#####.#####
*,,,,....* #@5.......<..#
*,,,,....####K##...#.#####****
*,,,,..>....555..l......,,,,,,
***,,,.................,,,,,,,
*,,,..##....##.....#********
*,,,,,*#..).##.....#
*,,,,,*#....##.....#########
*,,,,,*##.#.))............<#
*,,,,,,...####K............#


You could see Pikel and 4 lemures.

Vanquished Creatures
  Eustachio (D:5)
  A black bear (D:4)
  An ogre (D:4)
  A kobold brigand (D:4)
  Blork the orc (D:5)
  A scorpion (D:5)
  A howler monkey (D:4)
  A hound (D:5)
  2 orc priests
  Jessica (D:2)
  Natasha (thrice) (D:4)
  2 iguanas
  An orc wizard (D:5)
  3 gnolls (D:4)
  5 adders
  A white imp (D:5)
  A worm (D:2)
  A dart slug (D:1)
  5 orcs
  5 endoplasms
  3 giant cockroaches
  8 goblins
  11 hobgoblins
  7 jackals (D:1)
  7 kobolds
  2 quokkas
  6 ball pythons
  3 bats
  2 frilled lizards
  4 rats
91 creatures vanquished.

Notes
Turn   | Place    | Note
-------+----------+-------------------------------------------
     0 | D:1      | DocEon the Minotaur Berserker began the quest for the Orb.
     0 | D:1      | Reached XP level 1. HP: 19/19 MP: 0/0
   100 | D:1      | Reached skill level 4 in Axes
   106 | D:1      | Reached XP level 2. HP: 25/26 MP: 1/1
   300 | D:1      | Reached skill level 5 in Axes
   496 | D:1      | Reached XP level 3. HP: 31/31 MP: 2/2
   957 | D:2      | Reached ** piety under Trog
  1255 | D:2      | Reached skill level 6 in Axes
  1255 | D:2      | Reached XP level 4. HP: 38/39 MP: 3/3
  1294 | D:2      | Noticed Jessica
  1305 | D:2      | Killed Jessica
  1420 | D:2      | Identified the +1 robe "Iroikk" {rElec Str+3}
  1845 | D:3      | Reached XP level 5. HP: 45/45 MP: 4/4
  1846 | D:3      | Reached skill level 7 in Axes
  2232 | D:4      | Noticed a black bear
  2239 | D:4      | Killed a black bear
  2240 | D:4      | Reached skill level 8 in Axes
  2240 | D:4      | Reached XP level 6. HP: 51/51 MP: 5/5
  2246 | D:4      | Noticed Natasha
  2249 | D:4      | Killed Natasha
  2322 | D:4      | Noticed Natasha
  2325 | D:4      | Killed Natasha
  2326 | D:4      | Reached skill level 9 in Axes
  2493 | D:4      | Reached XP level 7. HP: 57/57 MP: 6/6
  2514 | D:4      | Noticed Natasha
  2517 | D:4      | Killed Natasha
  2979 | D:5      | Entered Level 5 of the Dungeon
  3010 | D:5      | Reached skill level 10 in Axes
  3272 | D:5      | Noticed Blork the orc
  3274 | D:5      | Noticed Eustachio
  3286 | D:5      | Killed Eustachio
  3287 | D:5      | Reached skill level 11 in Axes
  3292 | D:5      | Killed Blork the orc
  3293 | D:5      | Noticed Pikel
  3312 | D:5      | Mangled by Pikel

Illustrated notes

Levels and vault maps discovered:
D:1:      dpeg_arrival_tiny_g, layout_basic
D:2:      layout_basic, uniq_jessica
D:3:      layout_loops_cross, st_stairs_4
D:4:      layout_loops_ring, uniq_natasha
D:5:      layout_basic, nicolae_ossuary_entry_ruins, kennysheep_small_spiral,
          chequers_serial_rivers_small_a, uniq_pikel, uniq_blork_the_orc,
          uniq_eustachio

Skill      XL: |  1  2  3  4  5  6  7 |
---------------+----------------------+-----
Axes           | 4 5 6 8 9 11 | 11.3
Fighting       | |  3.6
Armour         | |  2.4
Dodging        | |  2.1

Action                     |  1- 3 |  4- 6 |  7- 9 || total
---------------------------+-------+-------+-------++-------
  Melee: Hand axe          |    71 |    86 |    65 ||   222
         Headbutt          |     9 |    17 |    13 ||    39
 Invoke: Berserk           |     1 |     2 |     1 ||     4
         Trog's Hand       |       |       |     2 ||     2
    Use: Scroll            |       |    12 |     4 ||    16
   Stab: Distracted        |       |     1 |       ||     1
 Armour: Animal skin       |    39 |     7 |       ||    46
         Chain mail        |       |    46 |    54 ||   100
  Dodge: Dodged            |    42 |    50 |    31 ||   123

Table legend: (Time is in decaauts)
 A = Elapsed time spent in this place.
 B = Non-inter-level travel time spent in this place.
 C = Inter-level travel time spent in this place.
 D = Time resting spent in this place.
 E = Time spent auto-exploring this place.
 F = Levels seen in this place.
 G = Mean time per level.
                   A        B        C        D        E       F      G
               +--------+--------+--------+--------+--------+-----+--------+
         Total |   3328 |   3146 |    182 |     84 |   2479 |   5 |  665.6 |
       Dungeon |   3328 |   3146 |    182 |     84 |   2479 |   5 |  665.6 |
               +--------+--------+--------+--------+--------+-----+--------+

Top non-repeatable levels by time:
     D:1: 938 daAuts
     D:4: 754 daAuts
     D:2: 729 daAuts
     D:3: 579 daAuts
     D:5: 326 daAuts
